 Dungeon Crawl Stone Soup version 0.31-a0-851-g7ff8af7976 (webtiles) character file.

Game seed: 16450652692723495408

126 Darius099 the Chopper (level 4, 0/39 HPs)
             Began as a Minotaur Fighter on Oct 7, 2023.
             Slain by a gnoll
             ... wielding a +0 spear
              (2 damage)
             ... on level 4 of the Dungeon.
             The game lasted 00:07:38 (1971 turns).

Darius099 the Chopper (Minotaur Fighter)            Turns: 1971, Time: 00:07:38

Health: 0/39       AC:  8    Str: 22    XL:     4   Next: 84%
Magic:  0/3        EV:  9    Int:  5    God:
Gold:   134        SH:  0    Dex: 10    Spells: 3/3 levels left

rFire   . . .        a - +0 war axe
rCold   . . .        c - +0 buckler
rNeg    . . .        b - +0 scale mail
rPois   .            (helmet restricted)
rElec   .            (no cloak)
rCorr   .            l - +0 pair of gloves
SInv    .            (no boots)
Will    .....        o - amulet of guardian spirit Stlth
                     (no ring)
HPRegen 0.26/turn    (no ring)
MPRegen 0.08/turn

%: guardian spirit
@: confused
A: horns 2, retaliatory headbutt
a: no special abilities


You were on level 4 of the Dungeon.
You visited 1 branch of the dungeon, and saw 4 of its levels.

You collected 134 gold pieces.

Inventory:

Hand Weapons
 a - a +0 war axe (weapon)
Armour
 b - a +0 scale mail (worn)
 c - a +0 buckler (worn)
 l - a +0 pair of gloves (worn)
Jewellery
 m - a ring of protection from fire
 o - an amulet of guardian spirit (around neck)
Scrolls
 g - 3 scrolls of amnesia {unknown}
 h - a scroll of immolation {unknown}
 i - a scroll of noise {unknown}
 j - a scroll of blinking {unknown}
 n - a scroll of identify {unknown}
 q - a scroll of revelation {unknown}
Potions
 d - 3 potions of might
 e - a potion of mutation {unknown}
 f - 2 potions of curing {unknown}
 k - a potion of haste {unknown}
 p - a potion of resistance {unknown}


   Skills:
 - Level 3.6 Fighting
 + Level 6.2 Axes
 - Level 3.6 Armour
 - Level 3.6 Shields


You had 3 spell levels left.
You didn't know any spells.
Your spell library contained the following spells:

 Spells                   Type           Power      Damage    Failure   Level
 Dazzling Flash           Conj/Hex       0%         N/A       99%         3
 Agony                    Necr           0%         N/A       100%        5
 Silence                  Hex/Air        0%         N/A       100%        5


Dungeon Overview and Level Annotations

Branches:
Dungeon (3/15)

Altars:

Annotations:
D:3 3 runed translucent doors, randomguy2701's ghost, amateur DECj


Innate Abilities, Weirdness & Mutations

You have a pair of horns on your head.
You reflexively headbutt those who attack you in melee.


Message History

The magic dart hits you but does no damage.
The orc hits you but does no damage. The gnoll closely misses you.
You hit the orc wizard but do no damage.
Your headbutt misses the orc wizard.
The orc wizard is almost dead.
You hit the orc. The orc wizard completely misses you.
The orc hits you with a +0 hand axe.
* * * LOW HITPOINT WARNING * * *
The gnoll barely misses you.
You bump into the rock wall.
The orc wizard hits you but does no damage.
The orc hits you but does no damage. The gnoll closely misses you.
You're too confused to move!
The orc wizard misses you. The orc closely misses you.
The gnoll hits you from afar with a +0 spear.
* * * LOW HITPOINT WARNING * * *
The orc wizard attacks as it pursues you!
The orc wizard hits you but does no damage.
The orc barely misses you.
The gnoll hits you from afar with a +0 spear.
* * * LOW HITPOINT WARNING * * *
You closely miss the orc wizard.
The orc wizard is almost dead.
You hit the orc.
You kill the orc!
You feel less confused.
The orc wizard gestures wildly while chanting.
The orc wizard flickers and vanishes!
Deactivating autopickup; reactivate with Ctrl-A.
You block the gnoll's attack.
You hear some strange, mumbled words.
You are confused.
Found a stone staircase leading up.
The gnoll hits you but does no damage. Something hits you.
* * * LOW HITPOINT WARNING * * *
Things that are here:
a +0 club; 2 throwing nets; a gnoll corpse The gnoll barely misses you.
You're too confused to move!
The gnoll hits you with a +0 spear.
You die...

#.# ..## #.# #<.# #.#
#(.# #..#####.. #..#
.......... ###..## #
#######.#. ..... #.# #.#.
# #..# ##.##### #.#.
.###.##g@# ..#....# #.#.
.......))###.# #.#.###.#.
.###.#...)..## ##......#.
........)##..###.#.##....
.###.#.####.#.#.#...#.##.
#.#% #.##....#...... # #.
#.#####...#.#.. #. #.#
##.##.#.. #. #.# .......


You could see a gnoll.

Vanquished Creatures
  3 gnolls (D:4)
  2 adders (D:3)
  A worm (D:3)
  4 orcs
  7 ball pythons
  7 endoplasms
  5 giant cockroaches
  3 hobgoblins
  9 jackals
  A quokka (D:3)
  2 bats
  A frilled lizard (D:2)
  6 goblins
  21 rats
72 creatures vanquished.

Notes
Turn   | Place    | Note
-------+----------+-------------------------------------------
     0 | D:1      | Darius099 the Minotaur Fighter began the quest for the Orb.
     0 | D:1      | Reached XP level 1. HP: 19/19 MP: 0/0
   142 | D:1      | Reached skill level 3 in Axes
   152 | D:1      | Reached XP level 2. HP: 26/26 MP: 1/1
   296 | D:1      | Reached skill level 4 in Axes
   834 | D:2      | Reached XP level 3. HP: 31/31 MP: 2/2
   966 | D:2      | Found a faded altar of an unknown god.
  1597 | D:3      | Reached skill level 5 in Axes
  1677 | D:3      | Reached XP level 4. HP: 36/39 MP: 3/3
  1817 | D:3      | Found a runed translucent gate.
  1818 | D:3      | Found a runed translucent gate.
  1819 | D:3      | Found a runed translucent gate.
  1821 | D:3      | Noticed randomguy2701's ghost (amateur DECj)
  1828 | D:3      | You fall into a shaft and drop 1 floor!
  1958 | D:4      | Reached skill level 6 in Axes
  1969 | D:4      | HP: 1/39 [something (1)]
  1971 | D:4      | Slain by a gnoll

Illustrated notes

Levels and vault maps discovered:
D:1:      minmay_arrival_diagonal_passages, layout_basic
D:2:      layout_basic, shapermc_ecumenical_altar_totnotflames,
          reono_crystal_passage
D:3:      layout_loops_ring, ebering_ghost_rock_garden,
          nicolae_kite_square_tiling_tiny, minmay_rat_hole
D:4:      layout_loops_ring, led_xom_imps, mainiacjoe_overflow_paths

Skill      XL: |  1  2  3  4 |
---------------+-------------+-----
Axes           | 3 4 5 6 |  6.2
Fighting       | |  3.6
Armour         | |  3.6
Shields        | |  3.6

Action                     |  1- 3 |  4- 6 || total
---------------------------+-------+-------++-------
  Melee: War axe           |    83 |    41 ||   124
         Headbutt          |     6 |     4 ||    10
 Armour: Scale mail        |    54 |    46 ||   100
  Dodge: Dodged            |    35 |    31 ||    66
  Block: Buckler           |    15 |     6 ||    21

Table legend: (Time is in decaauts)
 A = Elapsed time spent in this place.
 B = Non-inter-level travel time spent in this place.
 C = Inter-level travel time spent in this place.
 D = Time resting spent in this place.
 E = Time spent auto-exploring this place.
 F = Levels seen in this place.
 G = Mean time per level.
                   A        B        C        D        E       F      G
               +--------+--------+--------+--------+--------+-----+--------+
         Total |   2008 |   1933 |     75 |      0 |   1081 |   4 |  502.0 |
       Dungeon |   2008 |   1933 |     75 |      0 |   1081 |   4 |  502.0 |
               +--------+--------+--------+--------+--------+-----+--------+

Top non-repeatable levels by time:
     D:2: 899 daAuts
     D:1: 674 daAuts
     D:3: 286 daAuts
     D:4: 147 daAuts
